 Dungeon Crawl Stone Soup version 0.25.1-2-g60ff931df9 (webtiles) character file.

Game seed: 5403728203751718021

4608 Curus the Cleaver (level 10, 0/77 HPs)
             Began as a Minotaur Abyssal Knight on Sept 27, 2020.
             Was the Champion of Lugonu.
             Slain by a crocodile (11 damage)
             ... on level 8 of the Dungeon.
             The game lasted 00:40:14 (7882 turns).

Curus the Cleaver (Minotaur Abyssal Knight)         Turns: 7882, Time: 00:40:15

Health: 0/77       AC: 15    Str: 17    XL:     10   Next: 19%
Magic:  16/16      EV:  5    Int:  9    God:    Lugonu [******]
Gold:   360        SH:  0    Dex: 13    Spells: 9/9 levels left

rFire    + + .     SeeInvis .   k - +1 war axe (elec)
rCold    . . .     Gourm    .   (no shield)
rNeg     . . .     Faith    .   o - +0 plate armour
rPois    .         Spirit   .   (helmet restricted)
rElec    .         Reflect  .   (no cloak)
rCorr    .         Harm     .   p - +0 pair of gloves
MR       .....                  n - +2 pair of boots
Stlth    ..........             (no amulet)
HPRegen  0.22/turn              v - ring of protection from fire
MPRegen  0.15/turn              x - ring of protection from fire

@: no status effects
A: retaliatory headbutt, horns 2
a: Depart the Abyss, Bend Space, Banish, Corrupt, Enter the Abyss, Brand Weapon
With Distortion, Renounce Religion


You were on level 8 of the Dungeon.
You worshipped Lugonu.
Lugonu was exalted by your worship.
You were not hungry.

You visited 1 branch of the dungeon, and saw 8 of its levels.
You visited the Abyss 1 time.
You also visited: Sewer and Ossuary.

You collected 360 gold pieces.

Inventory:

Hand Weapons
 a - a +1 hand axe
 i - a +0 war axe
 k - a +1 war axe of electrocution (weapon)
Armour
 b - a +0 leather armour
 e - a +0 pair of boots
 f - a +1 scale mail
 h - a +0 ring mail
 n - a +2 pair of boots (worn)
 o - a +0 plate armour (worn)
 p - a +0 pair of gloves (worn)
Jewellery
 v - a ring of protection from fire (left hand)
 x - a ring of protection from fire (right hand)
Scrolls
 g - 9 scrolls of identify
 j - 2 scrolls of amnesia
 l - 3 scrolls of remove curse
 m - 10 scrolls of teleportation
 s - a scroll of fog
 t - 3 scrolls of fear
 w - 2 scrolls of blinking
 y - a scroll of magic mapping
Potions
 d - 9 potions of curing
 q - 2 potions of haste
 r - a potion of berserk rage
 u - 2 potions of heal wounds
Comestibles
 c - 17 rations
 z - 6 chunks of flesh


   Skills:
 - Level 3.6 Fighting
 * Level 13.2 Axes
 - Level 2.4 Armour
 - Level 1.1 Dodging
 - Level 10.0 Invocations


You had 9 spell levels left.
You didn't know any spells.
Your spell library contained the following spells:

 Spells                   Type           Power        Failure   Level  Hunger
 Summon Small Mammal      Summ           #...         100%        1    ##.....
 Call Imp                 Summ           #.......     100%        2    ###....
 Call Canine Familiar     Summ           #.......     100%        3    ####...
 Summon Guardian Golem    Hex/Summ       #.......     100%        3    ####...
 Summon Ice Beast         Ice/Summ       #.......     100%        4    #####..
 Summon Lightning Spire   Summ/Air       #.......     100%        4    #####..


Dungeon Overview and Level Annotations

Branches:
Dungeon (8/15)             Temple (0/1) D:4            Lair (0/6) D:8
  Sewer (visited)         Ossuary (visited)

Altars:
Cheibriados
Gozag
Trog
Wu Jian
Yredelemnul

Shops:
D:5 :

Annotations:
D:8 Erica


Innate Abilities, Weirdness & Mutations

You reflexively headbutt those who attack you in melee.
You have a pair of horns on your head.


Message History

You kill the crocodile!
Lugonu accepts your kill.
Your plate armour prevents you from hitting the porcupine.
You headbutt the porcupine!
The porcupine is heavily wounded.
The porcupine bites you!
* * * LOW HITPOINT WARNING * * *
You slash the porcupine!
You kill the porcupine!
Lugonu accepts your kill.
You hit the crocodile.
The crocodile is lightly wounded.
You feel sick.
You are no longer poisoned.
The crocodile bites you.
* * * LOW HITPOINT WARNING * * *
You closely miss the crocodile. Your headbutt misses the crocodile.
The crocodile is lightly wounded.
The crocodile bites you!
You die...

.. #..# #. #..#
#.###..##########
#.#.((((.)......#
##...##>.........#
##..<..#..........#
#...÷.............#
............###.######
#....##.....# #@#
..### ####..###t# #
#...##.# #....rh#
#......# #..t...#
##..#### #..# ####l†#


You could see a crocodile, a black bear and a porcupine.

Vanquished Creatures
  Grinder (D:5)
  Prince Ribbit (D:6)
  A hippogriff (D:7)
  2 black bears (D:8)
  2 porcupines (D:8)
  An orc warrior (D:6)
  2 sky beasts
  A phantom (D:4)
  5 ogres
  A necrophage (D:6)
  The ghost of UnDebs the Poker, an amateur MfGl (D:5)
  3 centaurs
  3 crocodiles (D:8)
  9 bullfrogs
  2 scorpions
  4 howler monkeys
  4 centaur zombies (Ossuary)
  A bullfrog skeleton (D:6)
  A jelly (D:5)
  5 orc priests
  3 centaur skeletons
  3 hounds
  An iguana (D:8)
  6 worker ants
  Natasha (thrice) (D:3)
  4 orc wizards
  2 big kobold zombies (Ossuary)
  5 mummies (Ossuary)
  20 adders
  10 river rats
  A shadow imp (D:5)
  3 oozes
  4 worms
  6 leopard geckos
  18 orcs
  13 bats
  8 giant cockroaches
  5 goblins
  4 hobgoblins
  16 jackals
  8 kobolds
  6 quokkas
  12 ball pythons
  6 frilled lizards
  3 hobgoblin zombies (Ossuary)
  52 rats
272 creatures vanquished.

Vanquished Creatures (others)
  2 plants (D:8)
2 creatures vanquished.

Grand Total: 274 creatures vanquished

Notes
Turn   | Place    | Note
-------+----------+-------------------------------------------
     0 | Abyss:1  | Curus the Minotaur Abyssal Knight began the quest for the
                  | Orb.
     0 | Abyss:1  | Reached XP level 1. HP: 19/19 MP: 1/1
    11 | D:1      | Escaped the Abyss
   209 | D:1      | Reached XP level 2. HP: 26/26 MP: 2/2
   230 | D:1      | Reached skill level 3 in Axes
   995 | D:2      | Reached XP level 3. HP: 25/31 MP: 2/4
  1297 | D:2      | Reached ** piety under Lugonu
  1297 | D:2      | Reached skill level 4 in Axes
  1389 | D:2      | Reached XP level 4. HP: 39/39 MP: 5/5
  1548 | D:2      | Found a bloodstained altar of Trog.
  2206 | D:3      | Found an opulent altar of Gozag.
  2287 | D:3      | Noticed Natasha
  2296 | D:3      | Killed Natasha
  2296 | D:3      | Reached XP level 5. HP: 35/45 MP: 5/7
  2345 | D:3      | Reached skill level 5 in Axes
  2515 | D:3      | Noticed Natasha
  2519 | D:3      | Killed Natasha
  2637 | D:3      | Noticed Natasha
  2644 | D:3      | Killed Natasha
  2648 | D:3      | Reached *** piety under Lugonu
  2784 | D:3      | Reached XP level 6. HP: 49/51 MP: 8/8
  3359 | D:4      | Reached skill level 6 in Axes
  3359 | D:4      | Reached skill level 5 in Invocations
  3413 | D:4      | Reached XP level 7. HP: 56/57 MP: 10/10
  3581 | D:4      | Reached skill level 7 in Axes
  3765 | D:4      | Found a staircase to the Ecumenical Temple.
  3979 | D:5      | Entered Level 5 of the Dungeon
  3979 | D:5      | Noticed Grinder
  4396 | D:5      | Found an ornate altar of the Wu Jian Council.
  4464 | D:5      | Found Qoffeck's Book Boutique.
  4473 | D:5      | Reached skill level 8 in Axes
  4639 | D:5      | Reached XP level 8. HP: 55/64 MP: 12/12
  4838 | D:5      | Found a large runed translucent door.
  4982 | D:5      | Reached skill level 9 in Axes
  5003 | D:5      | Found a large runed translucent door.
  5003 | D:5      | Noticed UnDebs's ghost (amateur MfGl)
  5212 | D:5      | Killed UnDebs's ghost
  5340 | D:6      | Noticed Prince Ribbit
  5345 | D:6      | Killed Prince Ribbit
  5345 | D:6      | Reached **** piety under Lugonu
  5377 | D:6      | Reached skill level 10 in Axes
  5385 | D:6      | Reached XP level 9. HP: 58/70 MP: 14/14
  5449 | D:6      | Found a glowing drain.
  5463 | Sewer    | Entered a sewer
  5656 | Sewer    | Reached ***** piety under Lugonu
  5869 | D:6      | Found a sand-covered staircase.
  5878 | D:6      | Reached skill level 11 in Axes
  5882 | Ossuary  | Entered an ossuary
  6150 | D:5      | Killed Grinder
  6781 | D:7      | Reached skill level 12 in Axes
  7118 | D:7      | Found a basalt altar of Yredelemnul.
  7551 | D:7      | Found a snail-covered altar of Cheibriados.
  7592 | D:8      | Reached XP level 10. HP: 54/77 MP: 16/16
  7844 | D:8      | Reached skill level 10 in Invocations
  7846 | D:8      | Found a staircase to the Lair.
  7849 | D:8      | Noticed Erica
  7865 | D:8      | Reached ****** piety under Lugonu
  7873 | D:8      | Reached skill level 13 in Axes
  7875 | D:8      | HP: 3/77 [crocodile (12)]
  7882 | D:8      | Slain by a crocodile

Illustrated notes

Levels and vault maps discovered:
D:1:      ebering_trefoil_twist, layout_basic, minmay_quantized
D:2:      layout_basic, lemuel_round_altar
D:3:      layout_basic, first_ration, grunt_gozag_breadcrumbs, uniq_natasha
D:4:      layout_loops_ring, minmay_temple_entry_mini_moons
D:5:      layout_rooms, nicolae_overflow_crystal_walls,
          ebering_ghost_disaster_area, serial_shops, shop, uniq_grinder
D:6:      lemuel_ratsnest, layout_rooms, cheibrodos_sewer_entry_drain,
          enter_ossuary_1, uniq_prince_ribbit1
D:7:      layout_loops_ring, old_standard_altar, cheibrodos_worm_habitat
D:8:      layout_rooms, minmay_lair_entry_grove, uniq_erica

Skill      XL: |  1  2  3  4  5  6  7  8  9 10 |
---------------+-------------------------------+-----
Invocations    | 2 3 4 5 6 8 9 10 | 10.0
Axes           | 3 4 5 6 8 10 12 13 | 13.2
Fighting       | |  3.6
Armour         | |  2.4
Dodging        | |  1.1

Action                   |  1- 3 |  4- 6 |  7- 9 | 10-12 || total
-------------------------+-------+-------+-------+-------++-------
Melee: Hand axe          |    80 |     2 |       |       ||    82
       Headbutt          |     6 |    17 |    59 |     8 ||    90
       War axe           |       |   132 |   366 |    34 ||   532
  Use: Potion            |     3 |     2 |     3 |     1 ||     9
       Scroll            |     5 |     3 |     3 |       ||    11
 Stab: Invisible         |       |     1 |       |       ||     1
  Eat: Chunk             |     2 |     6 |    14 |     1 ||    23
Armor: Leather armour    |    25 |    12 |       |       ||    37
       Scale mail        |       |    50 |    34 |       ||    84
       Ring mail         |       |     1 |       |       ||     1
       Plate armour      |       |       |   175 |    24 ||   199
Dodge: Dodged            |    40 |    74 |    91 |     6 ||   211
